 Dungeon Crawl Stone Soup version 0.15.0-8-gb109cf8 (webtiles) character file.

571 Antioch the Chopper (level 7, 0/52 HPs)
             Began as a Human Fighter on Aug 30, 2014.
             Slain by a gnoll
             ... wielding a +0 halberd
              (11 damage)
             ... on Level 3 of the Dungeon.
             The game lasted 00:16:17 (4627 turns).

Antioch the Chopper (Human Fighter)                 Turns: 4627, Time: 00:16:17

HP   0/52        AC  8     Str 18      XL: 7   Next: 60%
MP   7/7         EV  6     Int  9      God:
Gold 180         SH  9     Dex 12      Spells:  0 memorised,  6 levels left

rFire  . . .     SeeInvis .     a - +0 war axe
rCold  . . .     Clarity  .     b - +0 scale mail
rNeg   . . .     rCorr    .     c - +0 shield
rPois  .         rRot     .     A - +1 helmet
rElec  .         Spirit   .     (no cloak)
SustAb .         Warding  .     (no gloves)
rMut   .         Stasis   .     (no boots)
Gourm  .                        (no amulet)
MR     .....                    (no ring)
                                (no ring)

@: very slightly contaminated, hasted, very quick, not resistant to hostile
enchantments, extremely unstealthy
A: evolution 1
a: no special abilities


You were on level 3 of the Dungeon.
You were near starving.

You visited 1 branch of the dungeon, and saw 4 of its levels.
You also visited: Sewer.

You collected 180 gold pieces.

Inventory:

Hand weapons
 a - a +0 war axe (weapon)
Missiles
 k - 26 poisoned needles
Armour
 b - a +0 scale mail (worn)
 c - a +0 shield (worn)
 A - a +1 helmet (worn)
Magical devices
 s - a wand of fireball (0)
 v - a wand of confusion (6)
Comestibles
 d - 5 bread rations
 j - 2 slices of pizza
 o - a beef jerky
Scrolls
 g - a scroll of random uselessness
 q - a scroll of noise
Jewellery
 h - a cursed ring of fire {unknown}
 r - an uncursed ring of protection from fire {unknown}
Potions
 e - 2 potions of restore abilities
 f - a potion of beneficial mutation
 i - a potion of brilliance {unknown}
 l - a potion of agility {unknown}
 u - a potion of confusion {unknown}
 w - a potion of cure mutation {unknown}
 z - a potion of curing {unknown}


   Skills:
 - Level 3.0 Fighting
 + Level 7.8 Axes
 - Level 3.0 Armour
 - Level 3.0 Shields
 - Level 0.2 Evocations


You had 6 spell levels left.
You didn't know any spells.

Dungeon Overview and Level Annotations

Branches:
Dungeon (4/15)
 Temple: D:4-7

Altars:
Cheibriados
Elyvilon
Yredelemnul

Annotations:
D:2 exclusion: 2 downstairs


Innate Abilities, Weirdness & Mutations

You evolve.


Message History

The gnoll shouts! x2
The gnoll hits you with a flail.
* * * LOW HITPOINT WARNING * * *
Drink which item? (? for menu, Esc to quit)
You feel as though your hastened speed will last longer.
You slash the gnoll!
The gnoll is heavily wounded.
You block the gnoll's attack.
You closely miss the gnoll.
The gnoll is heavily wounded.
The gnoll hits you from afar with a halberd.
* * * LOW HITPOINT WARNING * * *
You block the gnoll's attack.
You slash the gnoll!
You kill the gnoll!
You block the gnoll's attack.
Things that are here:
a flail; a gnoll corpse You closely miss the gnoll.
The gnoll hits you with a halberd!
You die...

.#########.......#....######.....
.'...W....[......................
.#########(....................(.
.#########(####.#####............
........##......# ##...........
........##..(o.## #......#'###
........##.###.# #.....##..#
........##.# #.#######.....###.##
........##.# #..@g.........# #..#
........##o######..###.....####.#
.................................
........#......#..####.....#####.
........#......#...###.....#####.
........#......##..#.............
##########.######..#.............
## #..........#............. .#
#.###...............<..##


You could see a gnoll.

Vanquished Creatures
  An ogre (D:4)
  2 big kobolds
  A scorpion (D:4)
  A worker ant (D:3)
  An iguana (D:4)
  8 gnolls
  6 adders
  2 giant mites
  2 worms
  A giant gecko (D:1)
  2 oozes
  2 orcs (D:4)
  3 ball pythons (D:2)
  10 bats
  8 giant cockroaches
  5 goblins
  6 hobgoblins
  8 giant newts
  6 jackals
  13 kobolds
  3 quokkas
  15 rats
106 creatures vanquished.

Notes
Turn   | Place    | Note
--------------------------------------------------------------
     0 | D:1      | Antioch, the Human Fighter, began the quest for the Orb.
     0 | D:1      | Reached XP level 1. HP: 18/18 MP: 1/1
    28 | D:1      | Found a snail-covered altar of Cheibriados.
   255 | D:1      | Reached XP level 2. HP: 24/24 MP: 2/2
   894 | D:1      | Reached XP level 3. HP: 29/29 MP: 3/3
  1389 | D:2      | Reached skill level 4 in Axes
  1389 | D:2      | Reached XP level 4. HP: 31/35 MP: 4/4
  2310 | D:3      | Reached XP level 5. HP: 32/41 MP: 5/5
  2473 | D:3      | Found a white marble altar of Elyvilon.
  2663 | D:3      | Reached skill level 5 in Axes
  2690 | D:3      | Found a basalt altar of Yredelemnul.
  3068 | D:3      | Reached XP level 6. HP: 42/47 MP: 6/6
  3478 | D:3      | Reached skill level 6 in Axes
  4001 | D:4      | Reached XP level 7. HP: 21/52 MP: 7/7
  4033 | D:4      | Found a glowing drain.
  4038 | Sewer    | Entered a sewer
  4044 | Sewer    | Reached skill level 7 in Axes
  4387 | Sewer    | Found a white marble altar of Elyvilon.
  4579 | D:4      | Gained mutation: You evolve. [potion of beneficial mutation]
  4586 | D:4      | HP: 1/52 [orc wizard/magic dart (7)]
  4627 | D:3      | Slain by a gnoll

Action                   |  1- 3 |  4- 6 |  7- 9 || total
-------------------------+-------+-------+-------++-------
Melee: War axe           |    95 |   252 |    59 ||   406
Evoke: Wand              |       |     1 |     7 ||     8
  Use: Potion            |       |     1 |     6 ||     7
       Scroll            |       |       |     7 ||     7
  Eat: Chunk             |     2 |     8 |     1 ||    11
